 Dungeon Crawl Stone Soup version 0.19.1 (webtiles) character file.

11204 loralnil the Cleaver (level 11, -4/86 HPs)
             Began as a Demonspawn Fighter on Dec 11, 2016.
             Was a High Priest of Okawaru.
             Slain by a hellwing (5 damage)
             ... on level 2 of the Abyss.
             The game lasted 00:29:36 (11849 turns).

loralnil the Cleaver (Demonspawn Fighter)          Turns: 11849, Time: 00:29:36

Health: -4/86      AC: 17    Str: 25      XL:     11   Next: 46%
Magic:  0/9        EV:  7    Int:  7 (9)  God:    Okawaru [*****.]
Gold:   640        SH: 12    Dex: 13      Spells: 0 memorised, 10 levels left

rFire  . . .     SeeInvis .     L - +0 war axe
rCold  + . .     Gourm    +     r - +2 plate armour {rPois}
rNeg   + . .     Faith    .     c - +0 shield
rPois  +         Spirit   +     u - +0 helmet
rElec  .         Reflect  .     (no cloak)
rCorr  .         Harm     .     k - +0 pair of gloves
MR     +....                    (no boots)
Stlth  ..........               C - amulet of the gourmand
                                K - ring of positive energy
                                Q - ring of protection from magic

@: mighty, drained
A: hooves 1, yellow scales 2, cold resistance 1, deformed body, low mp 1, shaggy
fur 1, magic shield, magic regeneration, freezing cloud immunity
a: Heroism, Finesse, Renounce Religion


You were on level 2 of the Abyss.
You worshipped Okawaru.
Okawaru was extremely pleased with you.
You were not hungry.

You visited 2 branches of the dungeon, and saw 12 of its levels.
You visited the Abyss 1 time.
You also visited: Sewer.

You collected 640 gold pieces.

Inventory:

Hand Weapons
 a - a +0 war axe
 e - a +0 hand axe of freezing
 D - a +2 hand axe of venom
 L - a +0 war axe (weapon)
Armour
 c - a +0 shield (worn)
 k - a +0 pair of gloves (worn)
 r - a +2 plate armour of poison resistance (worn)
 u - a +0 helmet (worn)
Jewellery
 q - an uncursed ring of resist corrosion
 C - an amulet of the gourmand (around neck)
 K - a ring of positive energy (right hand)
 Q - a ring of protection from magic (left hand)
 S - an uncursed amulet of harm
Wands
 g - a wand of confusion (26/48)
 y - a wand of iceblast (7/15)
 G - a wand of flame (29/48)
 H - a wand of slowing (19/48)
Scrolls
 l - 4 scrolls of remove curse
 m - a scroll of fear
 p - 2 scrolls of fog {unknown}
 s - 5 scrolls of amnesia {unknown}
 t - a scroll of immolation {unknown}
 v - 2 scrolls of recharging {unknown}
 w - 3 scrolls of magic mapping {unknown}
 x - a scroll of noise {unknown}
 E - a scroll of blinking {unknown}
 J - a scroll of brand weapon {unknown}
 M - a scroll of acquirement {unknown}
 P - a scroll of vulnerability {unknown}
 R - a scroll of enchant armour {unknown}
Potions
 b - a potion of cancellation
 h - 2 potions of lignification
 i - 2 potions of curing
 n - 3 potions of flight
 A - 2 potions of agility
 I - a potion of brilliance {unknown}
Comestibles
 f - 10 bread rations
 z - 2 beef jerkies
 B - 9 slices of pizza
 F - 16 fruits
 N - a meat ration
 O - 9 royal jellies


   Skills:
 + Level 8.0 Fighting
 + Level 10.5(10.4) Axes
 + Level 8.0(7.9) Armour
 + Level 2.1 Dodging
 - Level 0.2(0.1) Stealth
 + Level 8.7(8.6) Shields


You had 10 spell levels left.
You didn't know any spells.

Dungeon Overview and Level Annotations

Branches:
Dungeon (11/15)            Temple (1/1) D:6            Lair (0/6) D:9
    Orc: D:9-12

Altars:
Cheibriados
Dithmenos
Fedhas
Makhleb
Nemelex Xobeh
Okawaru
Qazlal
Ru
Trog
Uskayaw
Vehumet
Xom

Shops:
D:9 [

Annotations:
D:11 Psyche


Innate Abilities, Weirdness & Mutations

You have large cloven feet.
You are mostly covered in yellow scales. (AC +3)
Your flesh is cold resistant. (rC+)
When hurt, damage is shared between your health and your magic reserves.
You regenerate magic rapidly.
You are immune to freezing clouds.
Armour fits poorly on your strangely shaped body.
Your magical capacity is low. (-10% MP)
You are covered in fur. (AC +1)


Message History

You closely miss the hellwing.
You kick the hellwing, but do no damage.
The hellwing is almost dead.
You completely miss the hellwing. The hellwing hits you!
* * * LOW HITPOINT WARNING * * *
The hellwing hits you but does no damage.
The hellwing hits you!
* * * LOW HITPOINT WARNING * * *
You block the hellwing's attack.
Your plate armour prevents you from hitting the hellwing.
You kick the hellwing, but do no damage.
The hellwing is almost dead.
You closely miss the hellwing. You block the hellwing's attack.
The hellwing hits you but does no damage. x2
You block the hellwing's attack.
Unknown command.
You closely miss the hellwing. Your kick misses the hellwing.
The hellwing is almost dead.
You hit the hellwing but do no damage. The hellwing hits you.
You die...

.# .# # # # ..#
.# # . ########
. .##..# .
##...#. ### .
#.#. ..##@#
.#.####..34#4.#
## #..##...#
..# #.. .####.#
.## #..#..# ...
.. #.# #.# ##.
. . .. .# # ..#
.. ## . .


You could see 2 hellwings and a neqoxec.

Vanquished Creatures
  A deep elf sorcerer (Abyss:2)
  A hill giant (D:10)
  An oklob plant (D:7)
  2 ancient zymes (Abyss:2)
  A queen bee (D:9)
  2 hippogriffs
  3 wyverns
  A human (D:7)
  9 yaks
  4 hogs (D:7)
  A hungry ghost (D:10)
  A mottled dragon (D:11)
  A water moccasin (D:9)
  An ice beast (D:6)
  4 phantoms
  A black bear (D:7)
  2 orc warriors (D:10)
  An eye of draining (D:8)
  4 sky beasts
  5 ogres
  5 centaurs
  A crocodile (Sewer)
  2 big kobolds
  7 bullfrogs
  2 gnoll sergeants (D:10)
  A wyvern skeleton (D:11)
  17 killer bees
  5 howler monkeys
  8 crimson imps
  A centaur zombie (D:6)
  2 bullfrog zombies
  A jelly (D:8)
  A quasit (D:6)
  The ghost of dscm the Ducker, a weakling FeMo (D:5)
  2 hounds (D:10)
  2 orc priests (D:10)
  4 bullfrog skeletons
  A gnoll shaman (D:7)
  5 orc wizards
  3 iguanas
  5 worker ants
  A killer bee zombie (D:9)
  A hound zombie (D:11)
  A worker ant zombie (D:5)
  8 adders
  17 gnolls
  A shadow imp (D:6)
  An ooze (D:5)
  An adder zombie (D:9)
  4 worms
  6 leopard geckos
  34 orcs
  8 bats
  9 giant cockroaches
  13 goblins
  6 hobgoblins
  21 jackals
  19 kobolds
  4 quokkas
  2 ball pythons
  4 frilled lizards
  A jackal zombie (D:7)
  7 rats
  6 bushes (D:7)
  5 fungi (D:7)
  18 plants (D:7)
320 creatures vanquished.

Vanquished Creatures (others)
  A lurking horror (Abyss:2)
  2 plants
  2 starspawn tentacles (Abyss:2)
5 creatures vanquished.

Grand Total: 325 creatures vanquished

Notes
Turn   | Place    | Note
-------+----------+-------------------------------------------
     0 | D:1      | loralnil the Demonspawn Fighter began the quest for the Orb.
     0 | D:1      | Reached XP level 1. HP: 18/18 MP: 1/1
    99 | D:1      | Gained mutation: You are partially covered in yellow scales. (AC +2) [demonic ancestry]
    99 | D:1      | Reached XP level 2. HP: 19/24 MP: 2/2
   124 | D:1      | Reached skill level 2 in Axes
   245 | D:1      | Gained mutation: You passively map a small area around you. [potion of mutation]
   245 | D:1      | Gained mutation: You have sharp toenails. [potion of mutation]
   711 | D:2      | Reached XP level 3. HP: 17/29 MP: 3/3
  1470 | D:2      | Gained mutation: Armour fits poorly on your strangely shaped body. [potion of mutation]
  1470 | D:2      | Gained mutation: You are clumsy. (Dex -2) [potion of mutation]
  1470 | D:2      | Lost mutation: You are clumsy. (Dex -2) [potion of mutation]
  1478 | D:2      | Gained mutation: When hurt, damage is shared between your health and your magic reserves. [demonic ancestry]
  1478 | D:2      | Reached XP level 4. HP: 35/35 MP: 4/4
  1789 | D:3      | Found a shadowy altar of Dithmenos.
  2190 | D:4      | Gained mutation: You are robust. (+10% HP) [potion of mutation]
  2190 | D:4      | Lost mutation: You are robust. (+10% HP) [potion of mutation]
  2323 | D:4      | Noticed an ogre
  2330 | D:4      | Killed an ogre
  2330 | D:4      | Reached skill level 3 in Axes
  2330 | D:4      | Lost mutation: You have sharp toenails. [demonic ancestry]
  2330 | D:4      | Gained mutation: You have large cloven feet. [demonic ancestry]
  2330 | D:4      | Reached XP level 5. HP: 39/41 MP: 5/5
  2468 | D:4      | Noticed a phantom
  2514 | D:4      | Killed a phantom
  2514 | D:4      | Gained mutation: Your flesh is cold resistant. (rC+) [demonic ancestry]
  2514 | D:4      | Reached XP level 6. HP: 31/47 MP: 4/6
  3075 | D:5      | Entered Level 5 of the Dungeon
  3122 | D:5      | Reached skill level 1 in Dodging
  3202 | D:5      | Reached skill level 4 in Axes
  3224 | D:5      | Noticed dscm's ghost (weakling FeMo)
  3235 | D:5      | Killed dscm's ghost
  3378 | D:5      | Reached XP level 7. HP: 26/54 MP: 3/7
  3507 | D:5      | Found a glowing drain.
  3565 | Sewer    | Entered a sewer
  4403 | D:6      | Reached skill level 5 in Axes
  4575 | D:6      | Reached skill level 5 in Shields
  4575 | D:6      | Gained mutation: You are immune to freezing clouds. [demonic ancestry]
  4575 | D:6      | Reached XP level 8. HP: 20/61 MP: 3/8
  4752 | D:6      | Found a staircase to the Ecumenical Temple.
  4768 | D:6      | Reached skill level 5 in Fighting
  4769 | D:6      | Reached skill level 6 in Axes
  4830 | D:6      | Reached skill level 5 in Armour
  4980 | Temple   | Entered the Ecumenical Temple
  5012 | Temple   | Became a worshipper of Warmaster Okawaru
  5565 | D:6      | Reached XP level 9. HP: 65/68 MP: 7/9
  5651 | D:6      | Found a burning altar of Makhleb.
  5809 | D:7      | Reached * piety under Okawaru
  5809 | D:7      | Reached skill level 7 in Axes
  6325 | D:7      | Found a stormy altar of Qazlal.
  6484 | D:7      | Gained mutation: You are covered in fur. (AC +1) [potion of mutation]
  6484 | D:7      | Lost mutation: You passively map a small area around you. [potion of mutation]
  6484 | D:7      | Gained mutation: Your magical capacity is low. (-10% MP) [potion of mutation]
  6494 | D:7      | Found a blossoming altar of Fedhas.
  6513 | D:7      | Noticed an oklob plant
  6587 | D:7      | Killed an oklob plant
  6587 | D:7      | Reached ** piety under Okawaru
  6587 | D:7      | Reached skill level 8 in Axes
  7366 | D:7      | Gained mutation: You are mostly covered in yellow scales. (AC +3) [demonic ancestry]
  7366 | D:7      | Reached XP level 10. HP: 43/77 MP: 7/9
  7960 | D:8      | Reached *** piety under Okawaru
  8449 | D:8      | Reached skill level 9 in Axes
  8854 | D:9      | Found Lirraott's Armour Boutique.
  9344 | D:9      | Reached **** piety under Okawaru
  9461 | D:9      | Found a staircase to the Lair.
  9755 | D:10     | Entered Level 10 of the Dungeon
  9977 | D:10     | Found a hide-covered altar of Uskayaw.
 10012 | D:10     | Gained mutation: You regenerate magic rapidly. [demonic ancestry]
 10012 | D:10     | Reached XP level 11. HP: 58/84 MP: 9/9
 10094 | D:10     | Noticed a hill giant
 10145 | D:10     | HP: 4/84 [hill giant/giant club (22)]
 10149 | D:10     | Killed a hill giant
 10149 | D:10     | Reached skill level 10 in Axes
 11408 | D:11     | Noticed Psyche
 11415 | D:11     | Cast into level 2 of the Abyss (Psyche)
 11415 | Abyss:2  | Found a corrupted altar of Lugonu.
 11522 | Abyss:2  | Noticed a tentacled starspawn
 11531 | Abyss:2  | Noticed a thrashing horror
 11564 | Abyss:2  | Found a corrupted altar of Lugonu.
 11646 | Abyss:2  | Noticed a deep elf sorcerer
 11654 | Abyss:2  | Killed a deep elf sorcerer
 11654 | Abyss:2  | Reached ***** piety under Okawaru
 11769 | Abyss:2  | Noticed a sixfirhy
 11808 | Abyss:2  | Noticed a lich
 11809 | Abyss:2  | Noticed a Tzitzimitl
 11847 | Abyss:2  | HP: 1/86 [hellwing (5)]
 11849 | Abyss:2  | Slain by a hellwing

Skill      XL: |  1  2  3  4  5  6  7  8  9 10 11 |
---------------+----------------------------------+-----
Axes           | 2 3 4 5 6 8 9 10 | 10.5
Shields        | 3 4 5 6 8 |  8.7
Armour         | 3 4 5 6 7 8 |  8.0
Dodging        | 1 2 |  2.1
Fighting       | 4 5 6 7 8 |  8.0
Stealth        | |  0.2

Action                   |  1- 3 |  4- 6 |  7- 9 | 10-12 || total
-------------------------+-------+-------+-------+-------++-------
Melee: War axe           |   199 |   201 |   163 |    32 ||   595
       Kick              |    23 |    57 |   275 |   172 ||   527
       Hand axe          |       |       |   464 |   477 ||   941
  Use: Scroll            |     4 |     4 |     5 |     7 ||    20
       Potion            |     2 |     2 |     4 |     9 ||    17
  Eat: Chunk             |     2 |     7 |    19 |    17 ||    45
       Royal jelly       |       |       |     1 |       ||     1
       Pizza             |       |       |     1 |       ||     1
Armor: Scale mail        |   112 |       |       |       ||   112
       Plate armour      |    23 |   197 |   281 |   309 ||   810
Dodge: Dodged            |    69 |    33 |    72 |   110 ||   284
Block: Shield            |   138 |   134 |   249 |   313 ||   834
